 Dungeon Crawl Stone Soup version 0.28.0-53-g5a82cb258f (webtiles) character file.

Game seed: 13503751282955708457

4078 Infinimo the Thaumaturge (level 10, -5/75 HPs)
             Began as a Djinni Fire Elementalist on June 10, 2022.
             Slain by a gnoll
             ... wielding a +1 whip of electrocution
              (16 damage)
             ... on level 9 of the Dungeon.
             The game lasted 00:11:59 (11331 turns).

Infinimo the Thaumaturge (DjFE)                    Turns: 11331, Time: 00:12:00

Health: -5/75      AC:  3    Str:  7    XL:     10   Next: 49%
Gold:   388        EV: 16    Int: 21    God:
                   SH:  0    Dex: 14

rFire   + + .      SeeInvis .   k - +3 hand axe (flame)
rCold   x . .      Faith    .   (no shield)
rNeg    . . .      Spirit   .   s - +1 robe {Archmagi}
rPois   ∞          Reflect  .   (no helmet)
rElec   .          Harm     .   (no cloak)
rCorr   .          Rampage  .   (no gloves)
Will    +....      Archmagi +   (boots unavailable)
Stlth   ++........              (no amulet)
HPRegen 0.22/turn               (no ring)
MPRegen 0.00/turn               (no ring)

@: flying
A: sickness immunity, fire resistance 2, cold vulnerability 1, float, innate
caster, HP casting, extra vitality 1
a: no special abilities


You were on level 9 of the Dungeon.
You visited 2 branches of the dungeon, and saw 10 of its levels.

You collected 388 gold pieces.

Inventory:

Hand Weapons
 k - a +3 hand axe of flaming (weapon)
Armour
 a - a +0 robe
 s - a +1 robe of the Archmagi (worn)
Jewellery
 i - a +4 ring of evasion
 r - a +6 ring of dexterity
Wands
 d - a wand of polymorph (7)
 o - a wand of flame (21)
Scrolls
 h - a scroll of silence
 l - 3 scrolls of teleportation
 p - a scroll of magic mapping
 q - 2 scrolls of enchant weapon
Potions
 b - 4 potions of curing
 c - a potion of cancellation
 e - 3 potions of invisibility
 f - a potion of magic
 j - 3 potions of brilliance
 m - 3 potions of heal wounds
 n - a potion of mutation {unknown}
 t - a potion of flight {unknown}


   Skills:
 + Level 7.1 Fighting
 + Level 8.3 Dodging
 - Level 2.0 Stealth
 * Level 8.3 Spellcasting


You had 3 spell levels left.
You knew the following spells:

 Your Spells              Type           Power      Damage    Failure   Level
a - Foxfire               Conj/Fire      100%       2x1d9     1%          1
b - Scorch                Fire           100%       2d10      1%          2
c - Conjure Flame         Conj/Fire      60%        6-21      1%          3
d - Inner Flame           Hex/Fire       60%        N/A       1%          3
e - Flame Wave            Conj/Fire      60%        2d12      2%          4
f - Slow                  Hex            100%       N/A       1%          1
g - Passwall              Tmut/Erth      50%        N/A       1%          2
h - Teleport Other        Tloc           60%        N/A       1%          3
i - Stone Arrow           Conj/Erth      100%       3d13      1%          3
Your spell library was empty.

Dungeon Overview and Level Annotations

Branches:
Dungeon (9/15)             Temple (1/1) D:6
   Lair: D:8-11         Orc: D:9-12

Altars:
Cheibriados
Dithmenos
Elyvilon
Fedhas
Gozag
Hepliaklqana
Kikubaaqudgha
Nemelex Xobeh
Okawaru
Qazlal
Ru
Sif Muna
Trog
Uskayaw
Vehumet
Wu Jian
Xom
Yredelemnul
The Shining One

Annotations:
D:2 1 runed translucent door, Crazy Yiuf


Innate Abilities, Weirdness & Mutations

You are immune to sickness and miasma.
You are immune to poison.
Your flesh is very heat resistant. (rF++)
You are vulnerable to cold. (rC-)
You float through the air rather than walking.
You learn spells naturally, not from books.
Your magical power is your life essence.
You have superior vitality. (+4 MHP)


Message History

Press: ? - help, Shift-Dir - straight line, f/p - orc warrior
Aim: an orc warrior, wielding a +0 trident and wearing a +0 chain mail (heavily wounded, 75% to hit)
You feel a surge of power!
The stone arrow hits the orc warrior!
You kill the orc warrior!
Casting: Stone Arrow (safe; 1% risk of failure)
Confirm with . or Enter, or press ? or * to list all spells.
You can't see any susceptible monsters within range! (Use Z to cast anyway.)
A gnoll comes into view. It is wielding a +0 flail.
You hear some strange, mumbled words.
You are confused.
You're too confused to cast spells.
Unknown command.
A gnoll comes into view. It is wielding a +0 halberd.
Something hits you.
The gnoll shouts!
The orc wizard points at you and mumbles some strange words.
The puff of flame misses you.
A gnoll comes into view.
It is wielding a +1 whip of electrocution.
You hear some strange, mumbled words.
You are more confused.
A gnoll sergeant comes into view. It is wielding a +0 spear.
The gnoll sergeant shouts!
The orc wizard hits you but does no damage.
Something hits you. The gnoll closely misses you.
The orc wizard mumbles some strange words.
The orc wizard flickers and vanishes!
Something hits you.
You miss something. You hit the gnoll. You burn the gnoll. Something hits you.
The gnoll misses you. Something hits you. The gnoll misses you.
The gnoll hits you with a +0 flail!
The gnoll sergeant hits you from afar with a +0 spear!
The gnoll closely misses you.
You feel less confused.
The gnoll sergeant hits you from afar with a +0 spear!
* * * LOW HITPOINT WARNING * * *
The gnoll hits you with a +1 whip of electrocution.
* * * LOW HITPOINT WARNING * * *
You are electrocuted!
You die...

##............
#..............
#..............
#.....)........
#..............
#..............
#...gg.))......
##...gg........
##....@##....
####### ###


You could see a gnoll sergeant and 3 gnolls.

Vanquished Creatures
  A two-headed ogre (D:7)
  Pikel (D:8)
  A wraith (D:9)
  A water moccasin (D:5)
  2 ice beasts (D:6)
  Duvessa (D:6)
  4 ogres
  3 orc warriors
  A necrophage (D:6)
  A sky beast (D:4)
  A centaur (D:7)
  A phantom (D:5)
  3 kobold brigands
  4 bullfrogs
  A water moccasin zombie (D:3)
  Dowan (D:6)
  2 water moccasin skeletons
  4 howler monkeys
  3 bullfrog zombies
  3 hounds
  A centaur skeleton (D:4)
  A jelly (D:4)
  2 orc priests (D:6)
  A gnoll shaman (D:7)
  2 iguanas
  5 orc wizards
  A howler monkey zombie (D:7)
  3 gnolls (D:7)
  3 howler monkey skeletons
  3 adders
  A river rat (D:3)
  3 worms
  3 dart slugs
  25 orcs
  7 endoplasms
  4 giant cockroaches
  5 goblins
  6 hobgoblins
  2 jackals (D:5)
  14 kobolds
  A quokka (D:2)
  6 ball pythons
  2 bats
  5 frilled lizards
  7 rats
152 creatures vanquished.

Vanquished Creatures (others)
  604 foxfires
604 creatures vanquished.

Grand Total: 756 creatures vanquished

Notes
Turn   | Place    | Note
-------+----------+-------------------------------------------
     0 | D:1      | Infinimo the Djinni Fire Elementalist began the quest for
                  | the Orb.
     0 | D:1      | Reached XP level 1. HP: 15/15 MP: 0/0
   418 | D:1      | Reached XP level 2. HP: 20/21 MP: 0/0
  1045 | D:1      | Found a faded altar of an unknown god.
  1055 | D:1      | Reached XP level 3. HP: 20/25 MP: 0/0
  1055 | D:1      | Learned a level 1 spell: Slow
  1952 | D:2      | Found a runed translucent door.
  1953 | D:2      | Noticed Crazy Yiuf
  2594 | D:3      | Reached skill level 1 in Fighting
  2594 | D:3      | Reached XP level 4. HP: 16/32 MP: 0/0
  2936 | D:3      | Reached XP level 5. HP: 21/37 MP: 0/0
  2936 | D:3      | Learned a level 2 spell: Passwall
  3797 | D:3      | Found a sacrificial altar of Ru.
  4127 | D:4      | Noticed a sky beast
  4645 | D:4      | Noticed a bullfrog
  4649 | D:4      | Killed a bullfrog
  4650 | D:4      | Reached XP level 6. HP: 26/43 MP: 0/0
  5193 | D:4      | Killed a sky beast
  5237 | D:4      | Reached XP level 7. HP: 44/49 MP: 0/0
  5237 | D:4      | Learned a level 3 spell: Teleport Other
  5809 | D:5      | Entered Level 5 of the Dungeon
  5829 | D:5      | Noticed a water moccasin
  5838 | D:5      | Killed a water moccasin
  5925 | D:5      | Reached skill level 5 in Dodging
  5925 | D:5      | Reached skill level 5 in Spellcasting
  5925 | D:5      | Reached XP level 8. HP: 23/58 MP: 0/0
  6999 | D:6      | Found a staircase to the Ecumenical Temple.
  7237 | D:6      | Reached XP level 9. HP: 59/64 MP: 0/0
  7237 | D:6      | Learned a level 3 spell: Stone Arrow
  7285 | D:6      | Reached skill level 5 in Fighting
  8163 | D:6      | Noticed Dowan
  8165 | D:6      | Noticed Duvessa
  8171 | D:6      | Killed Duvessa
  8520 | D:6      | Killed Dowan
  9516 | D:7      | Noticed a two-headed ogre
  9521 | D:7      | Killed a two-headed ogre
  9522 | D:7      | Reached XP level 10. HP: 63/72 MP: 0/0
 10680 | D:8      | Noticed Pikel
 10689 | D:8      | Killed Pikel
 11016 | Temple   | Entered the Ecumenical Temple
 11309 | D:8      | You are sucked into a shaft and drop 1 floor!
 11331 | D:9      | Slain by a gnoll

Illustrated notes

Levels and vault maps discovered:
D:1:      minmay_arrival_semitransparent, layout_loops_ring,
          ebering_ecumenical_altar_mist
D:2:      layout_loops_ring, uniq_crazy_yiuf_cottage
D:3:      layout_loops_ring, mainiacjoe_overflow_alcove_2,
          gup_sewer_entry_bubbles
D:4:      layout_gridville, serial_co_window_serial, co_window_paths_a,
          co_window_paths_b, co_window_paths_a, co_window_corner_a,
          co_window_paths_b, co_window_of_opportunity_b, co_window_broadway_c,
          co_window_2corner, co_window_unsneaky_path_b,
          co_window_of_opportunity_c, co_window_4corner_a, glass_columns_c,
          glass_columns_b
D:5:      layout_loops_cross
D:6:      layout_layer_cave, temple_doors_ab, uniq_duvessa
D:7:      layout_loops_ring, kennysheep_small_circle
D:8:      layout_loops_corners, nicolae_specific_store, minmay_alternating_orb,
          uniq_pikel
D:9:      layout_rooms, zin_angel, bloody_makhleb
Temple:   hc_temple_tempest_star

Skill      XL: |  1  2  3  4  5  6  7  8  9 10 |
---------------+-------------------------------+-----
Stealth        | 2 |  2.0
Fighting       | 1 2 3 4 6 7 |  7.1
Dodging        | 3 4 5 6 7 8 |  8.3
Spellcasting   | 3 4 5 6 7 8 |  8.3

Action                   |  1- 3 |  4- 6 |  7- 9 | 10-12 || total
-------------------------+-------+-------+-------+-------++-------
Melee: Hand axe          |       |       |       |     1 ||     1
 Cast: Foxfire           |    98 |   100 |   161 |       ||   359
       Scorch            |       |       |    12 |       ||    12
       Stone Arrow       |       |       |    23 |    46 ||    69
  Use: Scroll            |       |    12 |       |     2 ||    14
Armor: Robe              |       |     4 |     2 |     1 ||     7
Dodge: Dodged            |     4 |    25 |    15 |     9 ||    53
